 Dungeon Crawl Stone Soup version 0.28-a0-895-g6e5f11bd55 (webtiles) character file.

Game seed: 17434928881991855030

41 Anon1729 the Chiller (level 3, 0/24 HPs)
             Began as a Demonspawn Ice Elementalist on Nov 22, 2021.
             Slain by an adder (3 damage)
             ... on level 2 of the Dungeon.
             The game lasted 00:02:25 (1440 turns).

Anon1729 the Chiller (Demonspawn Ice Elementalist)  Turns: 1440, Time: 00:02:26

Health: 0/24       AC:  2    Str:  8    XL:     3   Next: 32%
Magic:  6/6        EV: 12    Int: 17    God:
Gold:   94         SH:  0    Dex: 13    Spells: 5/6 levels left

rFire   + + .      SeeInvis .   (no weapon)
rCold   + . .      Faith    .   (no shield)
rNeg    . . .      Spirit   .   a - +0 robe
rPois   +          Reflect  .   (no helmet)
rElec   +          Harm     .   (no cloak)
rCorr   +          Rampage  .   (no gloves)
Will    .....      Clarity  +   (no boots)
Stlth   ++........              (no amulet)
HPRegen 0.08/turn               e - ring of resist corrosion
MPRegen 0.10/turn               (no ring)

@: lethally poisoned (0 -> -7), resistant
A: demonic touch 2, clarity, fire resistance 1
a: no special abilities


You were on level 2 of the Dungeon.
You visited 1 branch of the dungeon, and saw 2 of its levels.

You collected 94 gold pieces.

Inventory:

Hand Weapons
 d - a +0 dagger
Missiles
 c - 27 poisoned darts
Armour
 a - a +0 robe (worn)
Jewellery
 e - a ring of resist corrosion (left hand)
Scrolls
 f - a scroll of immolation {unknown}
Potions
 b - a potion of mutation
 g - a potion of resistance


   Skills:
 + Level 2.2 Dodging
 + Level 2.3 Stealth
 + Level 0.6 Unarmed Combat
 + Level 2.3 Spellcasting
 + Level 0.4 Transmutations
 + Level 3.8 Ice Magic


You had 5 spell levels left.
You knew the following spells:

 Your Spells              Type           Power      Damage    Failure   Level
a - Freeze                Ice            60%        1d8       3%          1

Your spell library contained the following spells:

 Spells                   Type           Power      Damage    Failure   Level
 Frozen Ramparts          Ice            30%        1d5       12%         3
 Ozocubu's Armour         Ice            15%        N/A       12%         3
 Corpse Rot               Necr/Air       2%         N/A       28%         2
 Poisonous Vapours        Pois/Air       2%         N/A       28%         2
 Hailstorm                Conj/Ice       8%         3d4       63%         4
 Animate Armour           Summ/Erth      2%         N/A       88%         4
 Blade Hands              Tmut           1%         N/A       99%         5
 Iron Shot                Conj/Erth      0%         9d1       100%        6


Dungeon Overview and Level Annotations

Branches:
Dungeon (2/15)

Altars:


Innate Abilities, Weirdness & Mutations

Your touch may inflict irresistible damage on your foes.
You possess an exceptional clarity of mind.
Your flesh is heat resistant. (rF+)


Message History

No target in view!
No target in view!
You can't see any susceptible monsters within range! (Use Z to cast anyway.)
An adder comes into view.
The adder hisses angrily.
An adder is nearby!
An adder is nearby!
An adder comes into view.
The adder misses you.
You barely miss the adder. The adder closely misses you. The adder bites you.
You miss the adder. The adder bites you.
The adder hisses angrily.
You closely miss the adder. The adder closely misses you. The adder bites you.
You are poisoned.
The adder poisons you!
You miss the adder.
You feel sick. The adder misses you. The adder bites you but does no damage.
You closely miss the adder.
You feel sick. The adder barely misses you. x2
The adder bites you.
You are more poisoned.
The adder poisons you! The adder bites you.
* * * LOW HITPOINT WARNING * * *
You are more poisoned.
The adder poisons you!
You are too injured to fight recklessly!
You are too injured to fight recklessly!
You are too injured to fight recklessly!
You are too injured to fight recklessly!
You are too injured to fight recklessly!
You are too injured to fight recklessly!
It was a potion of resistance.
You feel protected.
* * * LOW HITPOINT WARNING * * *
You feel very sick. The adder bites you but does no damage.
The adder misses you.
It was a potion of mutation.
You feel extremely strange.
Your thoughts seem clearer.
You feel resistant to heat.
* * * LOW HITPOINT WARNING * * *
You feel sick. The adder bites you.
You die...

#.## #.######## ##..## ..#####.#
#.## ########
.......>#############.####.......
.....>...)................†######
........############..######
........##...##......##
.########.......###### .
#.......####### . ........S@S...#
. #.......#####.... ##....... .
#......S# #.......# #.......#
##.....## ##...#


You could see 2 adders.

Vanquished Creatures
  An adder (D:2)
  4 ball pythons
  3 endoplasms
  3 giant cockroaches
  2 goblins (D:1)
  3 hobgoblins
  2 jackals (D:2)
  5 kobolds
  3 bats (D:1)
  3 rats (D:1)
29 creatures vanquished.

Notes
Turn   | Place    | Note
-------+----------+-------------------------------------------
     0 | D:1      | Anon1729 the Demonspawn Ice Elementalist began the quest
                  | for the Orb.
     0 | D:1      | Reached XP level 1. HP: 13/13 MP: 3/3
   393 | D:1      | Gained mutation: Your touch may inflict minor irresistible
                  | damage on your foes. [demonic ancestry]
   393 | D:1      | Reached XP level 2. HP: 17/19 MP: 3/5
   719 | D:1      | Found a faded altar of an unknown god.
  1262 | D:2      | Gained mutation: Your touch may inflict irresistible damage
                  | on your foes. [demonic ancestry]
  1262 | D:2      | Reached XP level 3. HP: 16/24 MP: 1/6
  1440 | D:2      | Gained mutation: You possess an exceptional clarity of
                  | mind. [potion of mutation]
  1440 | D:2      | Gained mutation: Your flesh is heat resistant. (rF+)
                  | [potion of mutation]
  1440 | D:2      | Slain by an adder

Illustrated notes

Levels and vault maps discovered:
D:1:      ebering_trefoil_3fold, layout_rooms,
          dilly_ecumenical_altar_fadedgnrine
D:2:      layout_rooms, basic_altar

Skill      XL: |  1 |
---------------+----+-----
Stealth        | 2 |  2.3
Dodging        | 2 |  2.2
Unarmed Combat | |  0.6
Spellcasting   | |  2.3
Transmutations | |  0.4
Ice Magic      | |  3.8

Action                   || total
-------------------------++-------
Melee: Dagger            ||    27
       Touch             ||     4
       Unarmed           ||    24
 Cast: Freeze            ||    32
  Use: Potion            ||     2
 Stab: Sleeping          ||     3
Armor: Robe              ||    24
Dodge: Dodged            ||    54

Table legend: (Time is in decaauts)
 A = Elapsed time spent in this place.
 B = Non-inter-level travel time spent in this place.
 C = Inter-level travel time spent in this place.
 D = Time resting spent in this place.
 E = Time spent auto-exploring this place.
 F = Levels seen in this place.
 G = Mean time per level.
                   A        B        C        D        E       F      G
               +--------+--------+--------+--------+--------+-----+--------+
         Total |   1440 |   1414 |     26 |     86 |   1091 |   2 |  720.0 |
       Dungeon |   1440 |   1414 |     26 |     86 |   1091 |   2 |  720.0 |
               +--------+--------+--------+--------+--------+-----+--------+

Top non-repeatable levels by time:
     D:1: 1002 daAuts
     D:2: 437 daAuts
